Map: 死亡光环-天梯版

Players

iGMacSed (MacSed) - Winner!

  • Race: Protoss Protoss
  • League: Master

夜蝶蝶蝶蝶蝶蝶蝶 (Firefly)

  • Race: Protoss Protoss

Event: DreamHack SC2 Masters 2020 Fall

VOD

Have the link to the VOD?

Description

Time

  • Played on: Sept. 3, 2020, 9:09 a.m.
  • Length: 21:02

All games in this series

Show
View Real Time Build Order
Export as new Build Order

iGMacSed Protoss - Winner!

Build Orders: Oracle Opening, Archon Immortal 

Get SALT Encoding   

  12  0:00  Probe  
  13  0:12  Probe  
  14  0:17  Pylon  
  14  0:24  Probe (Chrono Boost)  
  15  0:36  Probe (Chrono Boost)  
  15  0:38  Gateway  
  16  0:43  Probe (Chrono Boost)  
  16  0:46  Assimilator  
  17  0:51  Probe  
  17  0:56  Assimilator  
  18  1:03  Probe (Chrono Boost)  
  19  1:08  Gateway  
  19  1:13  Probe (Chrono Boost)  
  19  1:18  Probe (Chrono Boost)  
  21  1:27  Cybernetics Core  
  21  1:29  Probe  
  22  1:37  Pylon  
  22  1:41  Probe  
  23  1:55  Warp Gate, Probe  
  24  2:04  Sentry, Stalker  
  24  2:07  Probe  
  29  2:09  Pylon  
  29  2:23  Pylon  
  29  2:33  Stargate  
  29  2:41  Stalker  
  31  2:54  Nexus  
  31  3:01  Shield Battery  
  31  3:12  Probe  
  32  3:15  Oracle (Chrono Boost)  
  32  3:18  Shield Battery  
  33  3:24  Probe  
  34  3:27  Pylon  
  34  3:32  Pylon  
  34  3:36  Probe  
  35  3:45  Oracle  
  36  3:50  Probe  
  36  3:55  Stalker  
  38  4:02  Probe  
  39  4:04  Stalker  
  39  4:06  Probe  
  42  4:14  Probe  
  43  4:17  Shield Battery  
  43  4:18  Probe  
  42  4:34  Probe  
  42  4:36  Stalker x2  
  47  4:46  Probe (Chrono Boost)  
  47  4:52  Probe (Chrono Boost)  
  49  4:54  Robotics Facility  
  49  4:58  Probe (Chrono Boost)  
  50  5:05  Probe (Chrono Boost)  
  50  5:06  Probe (Chrono Boost)  
  52  5:11  Forge  
  52  5:12  Probe  
  52  5:13  Probe  
  54  5:17  Assimilator  
  54  5:18  Assimilator, Sentry  
  56  5:24  Probe  
  56  5:25  Probe  
  58  5:36  Probe  
  58  5:37  Probe  
  58  5:40  Immortal (Chrono Boost)  
  60  5:48  Probe  
  62  5:50  Probe  
  62  5:57  Pylon  
  62  6:00  Protoss Ground Weapons Level 1 (Chrono Boost)  
  62  6:01  Probe  
  62  6:02  Probe  
  64  6:07  Gateway x2  
  64  6:08  Twilight Council  
  64  6:13  Observer (Chrono Boost), Probe  
  64  6:14  Pylon, Probe  
  67  6:25  Probe  
  68  6:26  Immortal (Chrono Boost)  
  72  6:43  Gateway  
  72  6:46  Gateway  
  72  6:47  Resonating Glaives  
  72  6:55  Templar Archives  
  72  6:58  Immortal (Chrono Boost)  
  72  7:00  Gateway x2  
  76  7:10  Nexus  
  76  7:14  Pylon  
  76  7:24  Probe  
  76  7:26  Photon Cannon  
  76  7:29  Probe  
  78  7:33  Shield Battery  
  78  7:35  Photon Cannon  
  78  7:38  Immortal  
  82  7:45  Probe x2  
  82  7:50  High Templar x4  
  92  7:54  Archon  
  92  7:55  Archon  
  92  7:57  Probe x2  
  94  8:01  Photon Cannon  
  94  8:02  Shield Battery  
  94  8:13  Pylon  
  94  8:19  Pylon  
  94  8:21  Pylon  
  94  8:22  Assimilator  
  94  8:25  Assimilator  
  94  8:30  Adept x2  
  94  8:31  Protoss Ground Weapons Level 2  
  94  8:32  Probe (Chrono Boost)  
  94  8:33  Probe x2 (Chrono Boost)  
  101  8:44  Probe (Chrono Boost)  
  101  8:45  Probe (Chrono Boost)  
  101  8:46  High Templar x2  
  108  8:49  Probe (Chrono Boost)  
  108  8:50  Archon  
  108  8:54  Photon Cannon  
  108  8:57  Shield Battery  
  104  9:05  Fleet Beacon  
  104  9:06  Pylon  
  104  9:07  Immortal (Chrono Boost)  
  108  9:24  Gateway  
  108  9:26  Adept  
  108  9:27  Adept  
  108  9:28  Gateway  
  112  9:35  Probe  
  112  9:36  Probe  
  112  9:38  Adept x2  
  116  9:40  High Templar x2  
  116  9:41  Immortal  
  126  9:48  Mothership (Chrono Boost)  
  126  9:50  Pylon  
  126  9:57  Pylon  
  134  10:04  Archon  
  134  10:14  Tempest (Chrono Boost)  
  132  10:15  Nexus  
  132  10:20  Stargate  
  135  10:27  Pylon  
  135  10:31  Shield Battery, Photon Cannon  
  135  10:33  Shield Battery, Protoss Air Weapons Level 1 (Chrono Boost)  
  135  10:46  Tempest (Chrono Boost)  
  140  10:56  Gateway  
  138  10:57  Gateway  
  138  10:59  Gateway  
  140  11:06  Assimilator  
  140  11:08  Assimilator  
  140  11:09  Probe x2 (Chrono Boost)  
  139  11:12  Pylon  
  139  11:15  Protoss Shields Level 1 (Chrono Boost)  
  145  11:19  Tempest (Chrono Boost)  
  145  11:20  Carrier (Chrono Boost)  
  148  11:44  Adept x5  
  148  11:45  Adept x3  
  164  11:52  Probe  
  164  11:53  Probe  
  166  11:55  Carrier (Chrono Boost)  
  166  11:56  Photon Cannon  
  166  11:59  Pylon  
  172  12:01  Stargate  
  172  12:08  Pylon  
  172  12:32  Pylon  
  172  12:34  Pylon  
  172  12:36  Photon Cannon  
  172  12:40  Photon Cannon  
  172  12:42  Shield Battery  
  172  12:43  Shield Battery  
  172  12:48  Probe x2  
  172  12:49  Pylon  
  172  12:50  Probe  
  170  12:53  Adept x2  
  170  12:56  Carrier (Chrono Boost)  
  170  12:57  Probe  
  175  13:04  Probe  
  170  13:08  Pylon  
  170  13:09  Carrier (Chrono Boost)  
  170  13:11  Protoss Shields Level 2 (Chrono Boost)  
  166  13:14  Probe x2  
  166  13:15  Probe  
  166  13:17  Probe  
  166  13:19  High Templar x4  
  178  13:22  Protoss Air Weapons Level 2 (Chrono Boost)  
  178  13:26  Archon x2  
  178  13:35  Gateway  
  178  13:36  Gateway  
  178  13:38  Photon Cannon  
  178  13:42  Photon Cannon  
  178  13:55  Adept x4  
  192  13:57  Carrier (Chrono Boost)  
  192  14:03  Adept x2  
  196  14:22  Pylon  
  196  14:24  Photon Cannon  
  196  14:36  Pylon  
  196  14:38  Pylon  
  196  14:40  Pylon  
  196  14:54  Probe x2  
  198  15:02  Gateway  
  198  15:03  Gateway  
  198  15:05  Blink (Chrono Boost)  
  198  15:17  Photon Cannon  
  198  15:19  Photon Cannon  
  197  15:27  Photon Cannon x2  
  193  15:29  Photon Cannon  
  193  15:30  Tempest (Chrono Boost)  
  193  15:31  Shield Battery, Pylon  
  193  15:32  Shield Battery  
  192  15:40  Probe x2  
  186  15:48  Protoss Air Weapons Level 3  
  184  15:51  Observer  
  184  15:57  Tempest x2 (Chrono Boost), Photon Cannon  
  176  16:02  Probe x3  
  192  16:04  Photon Cannon  
  192  16:05  Oracle (Chrono Boost)  
  186  16:31  Stalker x6  
  167  16:52  Stalker x2  
  167  16:53  Stalker x3  
  177  17:00  Stalker x2  
  169  17:16  Stalker x4  
  169  17:33  Observer  
  164  17:40  High Templar x2  
  164  17:41  High Templar x2  
  164  17:46  Phoenix x3  
  164  17:49  Archon  
  164  17:50  Archon  
  164  17:51  Stalker x2  
  174  17:59  Stalker  
  176  18:08  Stalker x2  
  165  18:35  Stalker x4  
  142  18:54  Stalker x4  
  142  18:55  Stalker  
  120  19:07  High Templar x4  
  116  19:12  Archon x2  
  116  19:14  Pylon  
  116  19:25  High Templar x4  
  116  19:26  High Templar  
  120  19:31  Archon  
  120  19:33  High Templar, Archon  
  122  19:39  Archon  
  122  19:41  Stalker x5  
  128  19:53  Observer (Chrono Boost)  
  123  20:02  Nexus  
  123  20:06  Observer (Chrono Boost)  
  123  20:12  High Templar x2  
  123  20:13  Zealot x5, Stalker x2  
  137  20:16  Pylon  
  137  20:17  Archon  
  137  20:33  Pylon, Stalker x2  
Show
View Real Time Build Order
Export as new Build Order

夜蝶蝶蝶蝶蝶蝶蝶 Protoss 

Build Orders:  

Get SALT Encoding   

  12  0:00  Probe  
  13  0:12  Probe  
  14  0:17  Pylon  
  14  0:24  Probe (Chrono Boost)  
  15  0:36  Probe (Chrono Boost)  
  15  0:37  Gateway  
  16  0:44  Probe (Chrono Boost)  
  16  0:47  Assimilator  
  17  0:51  Probe  
  18  1:03  Probe  
  19  1:04  Assimilator  
  19  1:15  Gateway, Probe (Chrono Boost)  
  20  1:24  Cybernetics Core  
  20  1:27  Probe (Chrono Boost)  
  21  1:33  Pylon  
  21  1:35  Probe (Chrono Boost)  
  22  1:41  Probe  
  23  1:53  Probe  
  24  2:00  Stalker  
  24  2:01  Warp Gate  
  26  2:03  Stalker  
  28  2:17  Pylon  
  28  2:30  Stalker  
  28  2:35  Stalker  
  32  2:51  Nexus  
  32  2:57  Pylon  
  32  3:06  Sentry x2  
  36  3:19  Probe  
  37  3:23  Shield Battery  
  37  3:32  Probe  
  38  3:37  Twilight Council  
  38  3:44  Probe  
  39  3:53  Adept x2  
  41  3:56  Probe  
  42  4:09  Probe (Chrono Boost)  
  43  4:12  Probe (Chrono Boost)  
  43  4:14  Blink  
  44  4:20  Probe (Chrono Boost)  
  44  4:22  Probe (Chrono Boost)  
  44  4:25  Phoenix, Probe (Chrono Boost), Stalker  
  42  4:35  Probe (Chrono Boost), Stalker  
  42  4:37  Probe (Chrono Boost)  
  41  4:47  Probe (Chrono Boost)  
  43  4:53  Probe (Chrono Boost)  
  43  4:54  Stalker  
  43  4:57  Probe (Chrono Boost)  
  43  4:58  Stalker  
  48  5:06  Probe (Chrono Boost)  
  49  5:08  Probe (Chrono Boost)  
  50  5:15  Forge  
  50  5:19  Probe x2 (Chrono Boost)  
  52  5:27  Stalker, Probe (Chrono Boost)  
  55  5:28  Probe (Chrono Boost)  
  55  5:32  Probe (Chrono Boost)  
  55  5:35  Probe  
  57  5:37  Stalker  
  57  5:38  Phoenix  
  59  5:50  Protoss Ground Weapons Level 1 (Chrono Boost)  
  59  5:52  Pylon  
  59  5:53  Pylon  
  59  6:04  Nexus  
  59  6:07  Pylon  
  59  6:11  Robotics Facility, Probe  
  60  6:13  Probe  
  61  6:18  Assimilator  
  61  6:22  Charge  
  61  6:23  Probe  
  62  6:25  Probe  
  62  6:30  Pylon  
  63  6:33  Gateway  
  63  6:37  Gateway  
  63  6:41  Gateway  
  63  6:50  Gateway  
  63  6:51  Phoenix  
  63  6:53  Stalker  
  65  6:56  Stalker  
  67  7:08  Shield Battery  
  67  7:10  Shield Battery, Observer (Chrono Boost)  
  68  7:18  Sentry  
  68  7:20  Sentry  
  68  7:21  Probe x2  
  74  7:26  Probe  
  74  7:28  Shield Battery  
  74  7:29  Immortal (Chrono Boost), Stalker  
  77  7:32  Pylon  
  81  7:39  Probe  
  81  7:40  Probe  
  81  7:41  Probe  
  84  7:51  Probe  
  85  7:52  Probe  
  85  7:53  Gateway  
  85  7:54  Protoss Ground Weapons Level 2 (Chrono Boost)  
  85  7:55  Gateway  
  86  7:58  Probe  
  86  8:04  Zealot x2  
  91  8:10  Immortal (Chrono Boost)  
  95  8:21  Pylon  
  95  8:23  Pylon  
  95  8:33  Nexus  
  95  8:39  Warp Prism (Chrono Boost)  
  95  8:43  Robotics Bay  
  95  8:46  Photon Cannon  
  97  8:54  Zealot x4  
  97  8:55  Zealot  
  107  9:04  Zealot x3  
  107  9:08  Pylon  
  113  9:16  Zealot x3  
  119  9:18  Pylon  
  119  9:24  Zealot x2  
  119  9:28  Disruptor (Chrono Boost)  
  119  9:29  Zealot x3  
  132  9:41  Robotics Facility  
  132  9:43  Assimilator  
  132  9:47  Photon Cannon  
  132  9:50  Shield Battery, Photon Cannon  
  132  9:56  Pylon  
  132  9:57  Assimilator  
  136  10:01  Assimilator  
  136  10:03  Stalker x2  
  136  10:04  Stalker  
  138  10:10  Probe  
  138  10:11  Probe  
  138  10:15  Disruptor (Chrono Boost)  
  143  10:21  Probe x2 (Chrono Boost)  
  143  10:23  Probe x2 (Chrono Boost)  
  143  10:24  Protoss Ground Weapons Level 3  
  145  10:32  Probe x2 (Chrono Boost)  
  145  10:34  Probe (Chrono Boost)  
  145  10:35  Probe (Chrono Boost)  
  147  10:36  Photon Cannon  
  147  10:38  Photon Cannon  
  147  10:40  Disruptor (Chrono Boost)  
  149  10:43  Gravitic Drive  
  149  10:48  Probe x2  
  149  10:49  Probe  
  155  10:50  Probe  
  156  10:57  Photon Cannon  
  156  11:00  Photon Cannon  
  156  11:02  Pylon, Photon Cannon  
  156  11:03  Probe x2  
  156  11:04  Probe  
  159  11:06  Disruptor  
  162  11:12  Stargate  
  162  11:20  Disruptor  
  165  11:28  Pylon  
  165  11:37  Protoss Air Weapons Level 1  
  165  11:44  Stargate  
  165  11:46  Stargate  
  161  11:52  Assimilator  
  161  11:54  Assimilator  
  161  12:04  Stargate, Pylon  
  161  12:07  Nexus, Pylon  
  161  12:08  Fleet Beacon  
  155  12:31  Oracle  
  155  12:32  Oracle, Cybernetics Core  
  153  12:49  Zealot  
  153  12:50  Zealot x7  
  153  12:51  Tempest  
  161  13:14  Probe (Chrono Boost)  
  161  13:15  Mothership (Chrono Boost)  
  161  13:18  Probe (Chrono Boost)  
  166  13:20  Probe (Chrono Boost)  
  166  13:22  Zealot x2  
  166  13:23  Zealot x5  
  182  13:28  Probe (Chrono Boost)  
  182  13:29  Probe (Chrono Boost)  
  182  13:33  Tempest (Chrono Boost)  
  192  13:35  Probe, Tempest (Chrono Boost)  
  193  13:41  Protoss Shields Level 1  
  179  13:51  Zealot x8  
  169  14:14  Tempest (Chrono Boost)  
  162  14:17  Assimilator  
  162  14:19  Assimilator  
  162  14:20  Zealot x4, Tempest (Chrono Boost)  
  162  14:21  Zealot x4  
  162  14:23  Tempest (Chrono Boost)  
  176  14:43  Protoss Air Armor Level 1  
  166  14:47  Tempest  
  166  14:48  Tempest  
  168  14:54  Zealot x8  
  168  14:58  Tempest  
  184  15:01  Probe x4  
  184  15:02  Probe  
  184  15:04  Pylon  
  184  15:06  Tempest  
  186  15:25  Zealot  
  186  15:26  Zealot x7  
  194  15:28  Dark Shrine  
  172  15:54  Disruptor  
  172  15:55  Disruptor  
  178  16:00  Pylon  
  178  16:02  Pylon x2  
  178  16:07  Protoss Air Weapons Level 2, Probe  
  178  16:08  Probe x4  
  183  16:20  Probe x5  
  185  16:28  Nexus  
  185  16:30  Pylon  
  182  16:32  Tempest (Chrono Boost)  
  182  16:33  Tempest (Chrono Boost)  
  177  16:47  Stalker x8  
  152  17:17  Stalker x7  
  152  17:18  Stalker  
  136  17:42  Tempest x2  
  136  17:43  Zealot x8  
  157  17:47  Probe x3  
  159  17:56  Unknown  
  159  17:59  Nexus  
  135  18:16  Protoss Air Armor Level 2  
  133  18:24  Tempest  
  133  18:25  Zealot x5, Tempest  
  130  18:46  Zealot x6  
  130  18:47  Zealot x2  
  96  19:07  Probe x2  
  96  19:08  Pylon  
  106  19:19  Probe x2  
  96  19:35  Nexus  
  96  19:36  Dark Templar x3  
  97  19:49  Dark Templar x3  
  96  20:13  Archon  
  96  20:14  Archon  
  96  20:15  Dark Templar x4  
  96  20:16  Archon  
  96  20:17  Sentry  
  106  20:22  Pylon  
  106  20:24  Dark Templar  
  106  20:27  Dark Templar  
  110  20:29  Archon  
  110  20:30  Archon  
  110  20:37  Shield Battery  

Tags
 
Add a new tag
Caveats
  • Supply blocks, unpowered buildings, or Contaminate may cause inaccurate times.
  • Supply counts are checked every 10 seconds.